AoeStats
← RustyShackleford

Arena

505154990Analyzed
1v1 RM · 25d ago on Sep 8, 2026· 39m 6s· 2 players
Game mode
Random Map
Map size
Tiny (2 player)
Population
200
Speed
Normal
Resources
Standard
Victory
Conquest
Starting age
Dark Age
Ending age
Imperial Age
RankedLock teamsTeams togetherTeam positionsShared explorationLock speedFull tech treeHidden civsTurbo modeCheats
Victory
Defeat
🇳🇮 Sicilians · Nicaragua
776
+16
🇺🇸 Mongols · United States
781
-16
Tito_kratos003
3:03 Loom
15:11 Feudal Age
15:45 Double-Bit Axe
15:43 Horse Collar
22:05 Castle Age
20:19 Forging
22:38 Scale Mail Armor
24:46 Arson
25:58 Squires
30:27 Gambesons
31:21 Iron Casting
33:31 Bow Saw
33:31 Heavy Plow
34:22 Stone Mining
35:08 Gold Mining
40:28 Imperial Age
39:37 Gold Shaft Mining
39:40 Stone Shaft Mining
RustyShackleford
11:30 Feudal Age
12:06 Horse Collar
17:55 Castle Age
15:59 Double-Bit Axe
16:22 Gold Mining
19:09 Wheelbarrow
18:46 Fletching
18:23 Crossbowman
22:33 Bow Saw
23:15 Hand Cart
22:56 Town Watch
23:36 Heavy Plow
25:35 Thumb Ring
29:08 Bloodlines
36:06 Elite Skirmisher
Connection lost

Rejoining the realm…

Still unreachable

The connection could not be restored.

Session expired

The server has moved on; the page needs a fresh start.